Map: Winter's Gate LE

Players

Elviani - Winner!

  • Race: Protoss Protoss
  • Spawn Location: 11:00

VOD

Have the link to the VOD?

Description

Time

  • Played on: Sept. 4, 2019, 3:16 a.m.
  • Length: 11:03
Show
View Real Time Build Order
Export as new Build Order

Elviani Protoss - Winner!

Build Orders:  

Get SALT Encoding   

  12  0:14  Pylon  
  13  0:22  Probe (Chrono Boost)  
  13  0:39  Probe (Chrono Boost)  
  14  0:45  Gateway  
  14  0:54  Probe (Chrono Boost)  
  15  1:05  Probe (Chrono Boost)  
  16  1:15  Assimilator  
  16  1:17  Probe (Chrono Boost)  
  16  1:21  Assimilator  
  17  1:33  Probe (Chrono Boost)  
  18  1:44  Probe (Chrono Boost)  
  19  1:58  Gateway  
  19  2:07  Pylon  
  19  2:16  Cybernetics Core  
  19  2:18  Probe (Chrono Boost)  
  20  2:36  Probe (Chrono Boost)  
  21  2:53  Probe (Chrono Boost)  
  22  3:08  Stalker  
  22  3:09  Stalker  
  26  3:14  Probe (Chrono Boost)  
  27  3:23  Twilight Council  
  27  3:26  Pylon  
  28  3:31  Probe (Chrono Boost)  
  28  3:53  Stalker  
  28  3:54  Stalker  
  32  4:27  Warp Gate  
  32  4:43  Nexus  
  32  4:52  Stalker  
  32  4:59  Stalker  
  36  5:20  Pylon  
  36  5:22  Probe (Chrono Boost)  
  37  5:38  Blink  
  37  5:49  Gateway  
  37  6:00  Forge  
  37  6:05  Probe (Chrono Boost), Stalker  
  40  6:10  Stalker  
  40  6:17  Probe (Chrono Boost)  
  43  6:30  Protoss Ground Weapons Level 1  
  43  6:43  Pylon  
  43  6:46  Probe (Chrono Boost)  
  43  6:49  Probe (Chrono Boost)  
  45  7:03  Probe (Chrono Boost)  
  45  7:06  Probe (Chrono Boost)  
  47  7:37  Probe (Chrono Boost)  
  48  7:40  Assimilator  
  48  7:44  Assimilator  
  48  7:47  Pylon  
  48  7:53  Stalker  
  48  7:54  Probe (Chrono Boost), Stalker x2  
  55  8:00  Pylon  
  55  8:02  Pylon  
  56  8:10  Probe (Chrono Boost)  
  56  8:27  Probe (Chrono Boost)  
  57  8:35  Pylon  
  57  8:57  Robotics Facility  
  57  9:01  Dark Shrine  
  57  9:04  Pylon  
  57  9:11  Nexus  
  57  9:15  Pylon  
  57  9:16  Pylon  
  57  9:55  Observer  
  57  9:59  Stalker  
  59  10:00  Stalker x2  
  59  10:06  Pylon  
  66  10:10  Probe (Chrono Boost)  
  66  10:12  Probe (Chrono Boost)  
  66  10:21  Gateway  
  66  10:23  Gateway  
  66  10:27  Probe (Chrono Boost)  
  66  10:29  Probe (Chrono Boost)  
  68  10:46  Probe (Chrono Boost)  
Tags
 
Add a new tag
Caveats
  • Supply blocks, unpowered buildings, or Contaminate may cause inaccurate times.
  • Supply counts are checked every 10 seconds.